 Dungeon Crawl Stone Soup version 0.27.0-1-g7a089689b8 (webtiles) character file.

Game seed: 1620679536447730072

16 Descartes the Sneak (level 2, -1/16 HPs)
             Began as a Spriggan Delver on Aug 15, 2021.
             Killed from afar by Ijyb (4 damage)
             ... with a puff of flame
             ... on level 5 of the Dungeon.
             The game lasted 00:01:02 (879 turns).

Descartes the Sneak (Spriggan Delver)                Turns: 879, Time: 00:01:03

Health: -1/16      AC:  2    Str:  8    XL:     2   Next: 37%
Magic:  3/3        EV: 17    Int: 11    God:
Gold:   35         SH:  0    Dex: 16    Spells: 1/1 levels left

rFire    . . .     SeeInvis +   a - +0 short sword
rCold    . . .     Faith    .   (shield restricted)
rNeg     . . .     Spirit   .   b - +0 robe
rPois    .         Reflect  .   (helmet restricted)
rElec    .         Harm     .   (no cloak)
rCorr    .         Rampage  .   (gloves unavailable)
Will     .....                  (boots unavailable)
Stlth    ++++......             (no amulet)
HPRegen  0.05/turn              (no ring)
MPRegen  0.08/turn              (no ring)

@: slowed, quick
A: very small, no large weapons, unfitting armour, see invisible, speed 3
a: no special abilities


You were on level 5 of the Dungeon.
You visited 1 branch of the dungeon, and saw 2 of its levels.

You collected 35 gold pieces.

Inventory:

Hand Weapons
 a - a +0 short sword (weapon)
Armour
 b - a +0 robe (worn)
Wands
 g - a wand of digging (3)
Scrolls
 c - a scroll of fog
 d - a scroll of magic mapping
 e - a scroll of fear
 h - 2 scrolls of teleportation {unknown}
Potions
 f - a potion of haste
 i - a potion of flight {unknown}


   Skills:
 - Level 2.4 Fighting
 + Level 2.5 Short Blades
 + Level 3.1 Dodging
 * Level 7.7 Stealth


You had one spell level left.
You didn't know any spells.
Your spell library was empty.

Dungeon Overview and Level Annotations

Branches:
Dungeon (5/15)
 Temple: D:4-7

Altars:

Annotations:
D:4 Natasha
D:5 Ijyb


Innate Abilities, Weirdness & Mutations

You are very small and have problems with some larger weapons.
You are too small for most types of armour.
You have supernaturally acute eyesight. (SInv)
You cover ground extremely quickly. (Speed+++)


Message History

You hit the iguana.
The iguana is heavily wounded.
The iguana bites you but does no damage.
The iguana hisses menacingly.
There is an open door here.
You close the door.
You start resting.
HP restored.
You open the door.
There is an open door here.
You now have 35 gold pieces (gained 14).
An iguana is nearby!
There is a stone staircase leading up here.
You climb upwards.
A goblin and Ijyb come into view.
Ijyb is wielding a +0 dagger and carrying a wand of flame (20).
The goblin shouts!
Found an escape hatch in the ceiling.
There is a stone staircase leading down here.
You barely miss Ijyb.
Ijyb shouts!
You hear an angry hiss.
Natasha, Servant of Life and Death comes into view.
She is carrying a wand of flame (8).
Ijyb hits you with a +0 dagger.
Natasha stares at you and mumbles some strange words.
You feel yourself slow down.
Ijyb drinks a potion.
Ijyb seems to grow stronger.
You climb downwards.
There is a stone staircase leading up here.
The iguana hisses angrily.
You hit Ijyb.
Ijyb is lightly wounded.
Ijyb barely misses you.
You hit Ijyb but do no damage.
Ijyb is lightly wounded.
Ijyb barely misses you.
Ijyb zaps a wand.
The puff of flame hits you!
Ouch! That really hurt!
* * * LOW HITPOINT WARNING * * *
Ijyb screams, "Me very upset!"
Ijyb zaps a wand.
The puff of flame hits you.
You die...

...............#
.######.##.....#
#.......## ######.## #
##### ##'## #.
##...###...##
#.####.....#.....##
#.................##
#####...........@....#
.....................+ .
####...##.#.........# .#
#......##...g<..##### .#
#..######......≈≈...#.#
#..# #.....≈...≈..≈..###
#..#≈≈≈≈≈≈≈≈l.≈≈≈.≈≈≈≈≈≈#
#.####≈≈≈≈≈≈≈≈≈≈.≈≈.≈≈≈≈≈
#. ##.≈.≈......≈....##≈


You could see Ijyb (strong) and an iguana.

Vanquished Creatures
  A hound zombie (D:5)
  A quokka (D:5)
2 creatures vanquished.

Notes
Turn   | Place    | Note
-------+----------+-------------------------------------------
     0 | D:5      | Descartes the Spriggan Delver began the quest for the Orb.
     0 | D:5      | Reached XP level 1. HP: 11/11 MP: 2/2
   107 | D:5      | Reached XP level 2. HP: 11/16 MP: 3/3
   871 | D:4      | Noticed Ijyb
   872 | D:4      | Noticed Natasha
   879 | D:5      | Killed from afar by Ijyb

Illustrated notes

Levels and vault maps discovered:
D:4:      layout_basic, elyvilon_altar_1, serial_bayou_pond_d, uniq_grinder,
          uniq_ijyb, uniq_pikel, uniq_natasha
D:5:      layout_loops_corners, serial_shops, nicolae_square_shop, serial_glass,
          glass_columns_a, glass_columns_c, chequers_serial_rivers_small_3,
          hex_tiny

Skill      XL: |  1 |
---------------+----+-----
Dodging        | 3 |  3.1
Fighting       | |  2.4
Short Blades   | |  2.5
Stealth        | |  7.7

Action                   || total
-------------------------++-------
Melee: Short sword       ||    28
 Stab: Sleeping          ||     1
Armor: Robe              ||     2
Dodge: Dodged            ||     9
